 Dungeon Crawl Stone Soup version 0.18.1-50-g88ac8fd (webtiles) character file.

104 Alkodil the Magician (level 4, -1/33 HPs)
             Began as a Demigod Wizard on Oct 22, 2016.
             Slain by a hobgoblin
             ... wielding a +0 club
              (4 damage)
             ... on level 1 of the Dungeon.
             The game lasted 00:12:45 (3106 turns).

Alkodil the Magician (Demigod Wizard)               Turns: 3106, Time: 00:12:46

Health: -1/33      AC:  2    Str: 10    XL:     4   Next: 28%
Magic:  6/13       EV: 12    Int: 24    God:
Gold:   40         SH:  0    Dex: 14    Spells: 3 memorised, 6 levels left

rFire  . . .     SeeInvis .     j - +0 dagger
rCold  . . .     Gourm    .     a - +0 robe
rNeg   . . .     Faith    .     (no shield)
rPois  .         Spirit   .     b - +0 hat
rElec  .         Dismiss  .     (no cloak)
rCorr  .         Reflect  .     (no gloves)
SustAt +         Harm     .     (no boots)
MR     .....                    (no amulet)
Stlth  ++........               (no ring)
                                (no ring)

@: not resistant to hostile enchantments, unstealthy
A: high mp 1, sustain attributes
a: no special abilities


You were on level 1 of the Dungeon.
You were hungry.

You visited 1 branch of the dungeon, and saw 2 of its levels.

You collected 40 gold pieces.

Inventory:

Hand Weapons
 j - a +0 dagger (weapon)
Armour
 a - a +0 robe (worn)
 b - a +0 hat (worn)
Scrolls
 g - a scroll of identify {unknown}
 l - 3 scrolls of remove curse {unknown}
 m - a scroll of teleportation {unknown}
 n - a scroll of blinking {unknown}
Potions
 e - a potion of heal wounds
 i - a potion of degeneration {unknown}
Books
 c - a book of Minor Magic

   Spells                             Type                      Level
   a - Magic Dart                     Conjuration                  1
   b - Blink                          Translocation                2
   c - Call Imp                       Summoning                    2
   d - Repel Missiles                 Charms/Air                   2
   e - Slow                           Hexes                        2
   f - Conjure Flame                  Conjuration/Fire             3
   g - Mephitic Cloud                 Conjuration/Poison/Air       3
Comestibles
 d - a bread ration
 f - a royal jelly
 k - a meat ration
 o - a slice of pizza


   Skills:
 - Level 0.1 Fighting
 - Level 1.7 Dodging
 + Level 3.1 Stealth
 - Level 4.0 Spellcasting
 - Level 0.8 Conjurations
 + Level 0.8 Summonings
 + Level 0.8 Translocations


You had 6 spell levels left.
You knew the following spells:

 Your Spells              Type           Power        Failure   Level  Hunger
a - Magic Dart            Conj           #...         10%         1    None
b - Blink                 Tloc           N/A          12%         2    #......
c - Call Imp              Summ           #.......     12%         2    #......


Dungeon Overview and Level Annotations

Branches:
Dungeon (2/15)


Innate Abilities, Weirdness & Mutations

You have an increased reservoir of magic (+10% MP).
Your attributes are resistant to harm.


Message History

Confirm with . or Enter, or press ? or * to list all spells.
Aiming: Magic Dart
Press: ? - help, Shift-Dir - straight line, f/p - hobgoblin
Aim: a hobgoblin, wielding a club and wearing a scale mail The magic dart hits the hobgoblin.
The hobgoblin is lightly wounded.
The hobgoblin hits you with a club.
* * * LOW HITPOINT WARNING * * *
Found a robe.
A jackal comes into view.
A jackal comes into view.
There is a stone staircase leading up here.
The hobgoblin hits you with a club.
* * * LOW HITPOINT WARNING * * *
You climb upwards.
There is a stone staircase leading down here.
The hobgoblin hits you with a club.
* * * LOW HITPOINT WARNING * * *
The hobgoblin hits you with a club.
You die...

...##.....#≈≈≈≈≈≈≈≈≈≈≈≈≈#.######
...##.....#≈≈≈≈≈≈≈≈≈≈≈≈≈#.#
...##.....#.......[.....#.#
....#####.#.8.⌠⌠⌠>⌠⌠⌠.8.#.#
......###.#.............#.#
...##...#)###.###.###.###.#
...####...................# ...#
###...##...########## ...#
#######.@# ##### #####.g# ....#
#......# .##.# #.##...#
.##.#######.##...#
.##......##.##..>#
.#######.##.##########
)......#.##.#........#
######.#.##.#.###.####


You could see a hobgoblin.

Vanquished Creatures
  3 adders (D:2)
  An ooze (D:1)
  4 dart slugs (D:1)
  A giant gecko (D:1)
  10 bats
  3 giant cockroaches (D:1)
  6 goblins
  10 hobgoblins
  8 jackals
  7 kobolds
  A quokka (D:1)
  A ball python (D:2)
  A giant newt (D:2)
  3 rats (D:1)
59 creatures vanquished.

Notes
Turn   | Place    | Note
--------------------------------------------------------------
     0 | D:1      | Alkodil the Demigod Wizard began the quest for the Orb.
     0 | D:1      | Reached XP level 1. HP: 14/14 MP: 6/6
   262 | D:1      | Reached skill level 3 in Spellcasting
   415 | D:1      | Reached XP level 2. HP: 20/20 MP: 0/8
  1311 | D:1      | Reached XP level 3. HP: 26/26 MP: 2/10
  2055 | D:1      | Reached skill level 4 in Spellcasting
  2291 | D:2      | Found a shimmering altar of Xom.
  2365 | D:2      | Found a shimmering altar of Xom.
  2422 | D:2      | Reached XP level 4. HP: 17/33 MP: 0/13
  2562 | D:2      | Learned a level 2 spell: Blink
  2571 | D:2      | Learned a level 2 spell: Call Imp
  2698 | D:2      | Found a burning altar of Makhleb.
  2704 | D:2      | Found a radiant altar of Vehumet.
  2950 | D:2      | Found a stormy altar of Qazlal.
  3106 | D:1      | Slain by a hobgoblin

Skill      XL: |  1  2  3  4 |
---------------+-------------+-----
Spellcasting   | 3 4 |  4.0
Stealth        | 2 3 |  3.1
Fighting       | |  0.1
Dodging        | |  1.7
Conjurations   | |  0.8
Summonings     | |  0.8
Translocations | |  0.8

Action                   |  1- 3 |  4- 6 || total
-------------------------+-------+-------++-------
Melee: Unarmed           |    34 |       ||    34
       Dagger            |    46 |    15 ||    61
 Cast: Magic Dart        |   127 |    52 ||   179
 Stab: Sleeping          |     3 |     1 ||     4
  Eat: Chunk             |     5 |     1 ||     6
Armor: Robe              |    24 |    10 ||    34
Dodge: Dodged            |   100 |    35 ||   135
